[Event "Team 45 45 League T24"]
[Site "Free Internet Chess Server"]
[Date "2004.09.13"]
[Round "1"]
[White "thelovegambit"]
[Black "rgadoury"]
[Result "1/2-1/2"]
[WhiteElo "1529"]
[BlackElo "1533"]
[TimeControl "2700+45"]

1. c4 c5 2. Nc3 e6 3. Nf3 Nf6 4. g3 d5 5. cxd5 exd5 6. d4 Nc6 7. Bg2 cxd4 8. Nxd4 Nxd4 9. Qxd4 Be6 10. O-O Be7 11. Bg5 O-O 12. Rad1 h6 13. Bf4 Bd6 14. Bxd6 Qxd6 15. Nxd5 Bxd5 16. Bxd5 Nxd5 17. Qxd5 Qxd5 18. Rxd5 Rac8 19. Rfd1 Rc2 20. R1d2 Rc7 21. e4 g6 22. f4 Kg7 23. Rd7 Rfc8 24. Rxc7 Rxc7 25. Kf2 a5 26. Ke3 b6 27. Rd6 Rc2 28. Rxb6 Rxh2 29. Ra6 Rxb2 30. Rxa5 Rg2 31. Kf3 Rc2 32. a4 h5 33. f5 g5 34. e5 Rc3+ 35. Kg2 Rc2+ 36. Kh3 Rf2 37. Rd5 Rxf5 38. a5 Rf3 39. a6 Ra3 40. Rd6 Ra5 41. e6 fxe6 42. Rxe6 Kf7 43. Rb6 Ke8 44. Rh6 Kf8 45. Rxh5 Rxa6 46. Rxg5 Rh6+ 47. Kg4 Kf7 48. Kf4 Ke6 49. g4 Rf6+ 50. Rf5 Rxf5+ 51. gxf5+ Kf6 52. Kg4 Kf7 53. Kg5 Kg7 54. f6+ Kf7 55. Kf5 Kf8 56. Ke6 Ke8 57. f7+ Kf8   {Game drawn by mutual agreement} 1/2-1/2

[Event "FICS rated standard game"]
[Site "FICS, Fremont, California USA"]
[Date "2004.09.13"]
[Time "05:16:53"]
[Round "-"]
[White "suequntf"]
[Black "SamuraiGoroh"]
[WhiteElo "1379"]
[BlackElo "1289"]
[TimeControl "2700+45"]
[Mode "ICS"]
[Result "1-0"]

1. e4 e5 2. Nf3 Nc6 3. Bc4 d6 4. Nc3 Nge7 5. h3 Nd4 6. Ng5 Be6 7. Nxe6 Nxe6 8. d3 Qd7 9. Be3 O-O-O 10. Bxa7 Nc6 11. Be3 Na5 12. Bb5 Qe7 13. Nd5 Qh4
14. Ba7 g6 15. Nb6+ cxb6 16. Bxb6 Nc7 17. Ba4 Be7 18. Qg4+ Qxg4 19. hxg4
d5 20. Bxa5 dxe4 21. Ke2 exd3+ 22. cxd3 Rd4 23. Bb3 Rxg4 24. Rac1 Bd6 25. Kf3 f5 26. g3 h5 27. Ke2 Kb8 28. Bd1 Nb5 29. Kd2 Rd4 30. a4 Bc7 31. Bxc7+ Nxc7
32. Ke3 Rc8 33. Bb3 Na6 34. Rxc8+ Kxc8 35. Bf7 Rxa4 36. Bxg6 f4+ 37. gxf4
exf4+ 38. Kf3 Nc5 39. Rxh5 Nxd3 40. Bxd3 Rb4 41. Rb5 Rd4 42. Be4 Rd7 43. Bf5 Kd8 44. Bxd7 Kxd7 45. Rxb7+ Kc6 46. Rb3 Kc5 47. Kxf4 Kc4 48. Rc3+ Kd4 49. Kf5 Kd5 50. f4 Kd4 51. Ke6 Ke4 52. f5 Kf4 53. f6 Kg5 54. f7 Kf4 55. f8=Q+ Ke4
56. Qf5+ Kd4 57. Qe5#
{Black checkmated} 1-0

[Event "Team 45 45 League T24"]
[Site "Free Internet Chess Server"]
[Date "2004.09.12"]
[Round "1"]
[White "crane"]
[Black "elgrande"]
[Result "1-0"]
[WhiteElo "1375"]
[BlackElo "1423"]
[TimeControl "2700+45"]

1. e4 c5 2. Nf3 e6 3. Bd3 d6 4. O-O e5 5. Bc4 Nf6 6. d3 a6 7. a4 Bg4 8. h3 Bc8 9. a5 Be7 10. Ng5 Nc6 11. Nxf7 Qc7 12. Nxh8 Bd7 13. Bf7+ Kf8 14. Bd2 Nd8 15. Bd5 Nxd5 16. exd5 Bf6 17. f4 Kg8 18. c4 Be8 19. fxe5 dxe5 20. Nc3 e4 21. dxe4 Bd4+ 22. Kh1 Bf6 23. Bf4 Qd7 24. Na4 Ra7 25. Nxc5 Qe7 26. Bb8 Ra8 27. d6 Qf8 28. d7 Rxb8 29. dxe8=Q Qxe8 30. Nd7 Rc8 31. Nxf6+ gxf6 32. Qg4+ Kxh8 33. Qxc8   {Black resigns} 1-0

[Event "Team 45 45 League T24"]
[Site "Free Internet Chess Server"]
[Date "2004.09.11"]
[Round "1"]
[White "Phendrana"]
[Black "manyhorses"]
[Result "1-0"]
[WhiteElo "1397"]
[BlackElo "1251"]
[TimeControl "2700+45"]

1. d4 Nf6 2. c4 d5 3. Nc3 dxc4 4. e4 Nc6 5. Nf3 e6 6. Bxc4 Be7 7. O-O O-O 8. e5 Nd5 9. Nxd5 exd5 10. Bd3 Nb4 11. Bb1 c5 12. a3 Na6 13. Qd3 c4 14. Qxh7#   {Black checkmated} 1-0

[Event "Team 45 45 League T24"]
[Site "Free Internet Chess Server"]
[Date "2004.09.13"]
[Round "1"]
[White "Triplea"]
[Black "paultopia"]
[Result "0-1"]
[WhiteElo "1269"]
[BlackElo "1344"]
[TimeControl "2700+45"]

1. e4 c5 2. Nf3 Nc6 3. d4 cxd4 4. Nxd4 Nf6 5. Nc3 e5 6. Ndb5 h6 7. Nd6+ Bxd6 8. Qxd6 Qe7 9. Nb5 O-O 10. f3 a6 11. Qxe7 Nxe7 12. Nd6 Nc6 13. Be3 Nb4 14. Bd3 Ne8 15. Bc5 Nxd3+ 16. cxd3 Nxd6 17. Bxd6 Re8 18. Rc1 Re6 19. Bc7 d6 20. O-O Rg6 21. f4 Bh3 22. Rf2 exf4 23. Rcc2 Rc8 24. Rxf4 Bxg2 25. Rxg2 Rxg2+ 26. Kxg2 Rxc7 27. Rf2 Kf8 28. Kf3 Ke7 29. h4 g6 30. Ke3 Rc5 31. d4 Rh5 32. Rf4 f6 33. e5 dxe5 34. dxe5 Rxe5+ 35. Kd3 g5 36. hxg5 fxg5 37. Rg4 Kf6 38. b4 h5 39. Rg3 Kf5 40. Rf3+ Kg6 41. Kd4 g4 42. Rf4 Rf5 43. Ke4 Rxf4+ 44. Kxf4 Kf6 45. a4 Ke6   {White resigns} 0-1

[Event "Team 45 45 League T24"]
[Site "Free Internet Chess Server"]
[Date "2004.09.13"]
[Round "1"]
[White "chesstalker"]
[Black "jerryrab"]
[Result "1-0"]
[WhiteElo "1348"]
[BlackElo "1207"]
[TimeControl "2700+45"]

1. d4 d6 2. c4 Nf6 3. Nc3 Be6 4. e4 Bd7 5. Nf3 Nc6 6. Be3 Bg4 7. Be2 e5 8. d5 Bxf3 9. Bxf3 Ne7 10. b4 c6 11. Rc1 b6 12. b5 c5 13. a4 h6 14. O-O Qd7 15. Ne2 g5 16. Ng3 g4 17. Be2 h5 18. Re1 h4 19. Nf1 Ng6 20. Bg5 Nxe4 21. Bxg4 Qc7 22. Rxe4 Bh6 23. Bxh6 Rxh6 24. Ne3 Qd8 25. Nf5 Rh7 26. Rc3 Qf6 27. Rf3 O-O-O 28. Qe1 Nf4 29. a5 Qg5 30. Ne3+ Kc7 31. axb6+ axb6 32. h3 f6 33. Nf5 Nh5 34. Qa1 Kb8 35. Qa6 Qc1+ 36. Kh2 Qc2 37. Qxb6+ Kc8 38. Qc6+ Rc7 39. Qa8+ Kd7 40. Nd4+ Ke7 41. Nf5+ Ke8 42. Nxd6+ Ke7 43. Nf5+ Ke8 44. Bxh5+ Kd7 45. Qa6 Qxe4 46. Qe6#   {Black checkmated} 1-0

[Event "Team 45 45 League T24"]
[Site "Free Internet Chess Server"]
[Date "PDT.09.0"]
[Round "1"]
[White "inkaotibus"]
[Black "YOIULI"]
[Result "1-0"]
[WhiteElo "2114"]
[BlackElo "1868"]
[TimeControl "2700+45"]

1. e4 c6 2. d4 d5 3. Nc3 dxe4 4. Nxe4 Nf6 5. Nxf6+ exf6 6. Bc4 Bd6 7. Qe2+ Qe7 8. Bd2 Be6 9. O-O-O Bxc4 10. Qxc4 O-O 11. Ne2 Qc7 12. g3 b5 13. Qd3 Nd7 14. h4 a5 15. g4 Nb6 16. g5 Nd5 17. Nc3 Nxc3 18. Qxc3 Bf4 19. gxf6 Rfc8 20. Rdg1 g6 21. h5 c5 22. d5 Qe5 23. hxg6 fxg6 24. f7+ Kxf7 25. Rxh7+ Kg8 26. Qh3 Bxd2+ 27. Kxd2 Qf4+ 28. Kd1 Qd4+ 29. Kc1 Qf4+ 30. Kb1 Qf6 31. Rh6 Kg7 32. Rh7+ Kg8 33. Rd7 Re8 34. Qh7+ Kf8 35. Qh6+ Kg8 36. Rxg6+   {Black resigns} 1-0

[Event "Team 45 45 League T24"]
[Site "Free Internet Chess Server"]
[Date "2004.09.11"]
[Round "1"]
[White "mandragora"]
[Black "fismoluni"]
[Result "1-0"]
[WhiteElo "1848"]
[BlackElo "1595"]
[TimeControl "2700+45"]

1. e4 c5 2. Nf3 d6 3. d4 cxd4 4. Nxd4 Nf6 5. Nc3 a6 6. Be3 e6 7. f3 b5 8. Qd2 Nbd7 9. O-O-O Be7 10. Nc6 Qc7 11. Nxe7 Kxe7 12. Be2 Bb7 13. Rhe1 Rac8 14. g4 h6 15. h4 b4 16. Na4 Qc6 17. b3 d5 18. g5 Nh7 19. exd5 exd5 20. Qxb4+ Ke8 21. Bd3 f6 22. Bb6+ Kf7 23. g6+ Kg8 24. Qe7 Rf8 25. gxh7+ Rxh7 26. Bxh7+ Kxh7 27. Nc5 Rc8 28. Qxd7 Qxb6 29. Nxb7 Rc7 30. Qf5+ g6 31. Qxd5 Qxb7 32. Qxb7 Rxb7 33. Rd6 Kg7 34. Rxa6 g5 35. hxg5 hxg5 36. Ree6 Rf7 37. Rad6 Kg6 38. a4 Kf5 39. Kd2   {Black resigns} 1-0

[Event "Team 45 45 League T24"]
[Site "Free Internet Chess Server"]
[Date "2004.09.11"]
[Round "1"]
[White "threeNT"]
[Black "Louro"]
[Result "0-1"]
[WhiteElo "1629"]
[BlackElo "1778"]
[TimeControl "2700+45"]

1. e4 c5 2. Nf3 d6 3. d4 cxd4 4. Nxd4 Nf6 5. Nc3 a6 6. Bg5 e6 7. f4 Be7 8. Qf3 Qc7 9. O-O-O Nbd7 10. g4 b5 11. Bxf6 gxf6 12. f5 b4 13. fxe6 Ne5 14. exf7+ Kxf7 15. Nd5 Qa5 16. Qb3 Ke8 17. Nxb4 Rb8 18. Nbc6 Nxc6 19. Nxc6 Qg5+ 20. Kb1 Rxb3 21. axb3 Qxg4 22. Bc4 Kd7 23. Nb8+ Kc7 24. Nxa6+ Bxa6 25. Bxa6 Ra8 26. Bd3 Qg5 27. c4 Qa5 28. Kc2 Qe5 29. Kb1 Rb8 30. Ka2 Qa5+ 31. Kb1 Rxb3 32. Rhg1 Qb6 33. Rg2 Qe3 34. Re2 Qf3 35. Red2 Bf8 36. Bc2 Rb8 37. Rd3 Qf4 38. R3d2 Qe5 39. Bd3 Bh6 40. Rc2 Be3 41. Re1 Bd4 42. Ree2 Rb3 43. Red2 Rb8 44. Rg2 Kc6 45. h4 Kc5 46. Ka2 Kb4 47. Rce2 Qa5+ 48. Kb1 Ra8 49. h5 Qa1+ 50. Kc2 Qxb2+ 51. Kd1 Ra1+   {White resigns} 0-1

[Event "Team 45 45 League T24"]
[Site "Free Internet Chess Server"]
[Date "2004.09.12"]
[Round "1"]
[White "Gildo"]
[Black "gflan"]
[Result "1-0"]
[WhiteElo "1609"]
[BlackElo "1560"]
[TimeControl "2700+45"]

1. e4 c6 2. Nc3 d5 3. exd5 cxd5 4. d4 Bf5 5. Bd3 Bxd3 6. Qxd3 e6 7. Nf3 g6 8. Ne5 Nc6 9. Bd2 Qb6 10. Qb5 Bg7 11. Nxc6 bxc6 12. Qxb6 axb6 13. Ne2 Ne7 14. c3 c5 15. Be3 Nf5 16. dxc5 Nxe3 17. fxe3 bxc5 18. Kd2 Kd7 19. Rhf1 f5 20. g4 Rhf8 21. g5 e5 22. Rf3 h5 23. gxh6 Bxh6 24. Rh3 Rh8 25. b3 g5 26. Ng3 g4 27. Rh5 Raf8 28. Rxf5 Rxf5 29. Nxf5 Bf8 30. Rh1 e4 31. a4 Ke6 32. Ng3 Bd6 33. Ne2 Rxh2 34. Rxh2 Bxh2 35. Ke1 Be5 36. Kf1 Kd6 37. Kf2 Kc6 38. b4 Kb6 39. Nf4 d4 40. bxc5+ Kxc5 41. cxd4+ Bxd4 42. Ne6+ Kb4 43. Nxd4 Kxa4 44. Kg3 Kb4 45. Kxg4 Kc3 46. Kf4 Kc4 47. Kxe4 Kc5 48. Ke5 Kb6 49. Kd6 Kb7 50. e4 Kc8 51. Nc6 Kb7 52. e5 Kc8 53. e6 Kb7 54. e7 Kc8 55. e8=Q+ Kb7 56. Qb8+ Ka6 57. Na7 Ka5 58. Qb5#   {Black checkmated} 1-0

[Event "Team 45 45 League T24"]
[Site "Free Internet Chess Server"]
[Date "PDT.09.0"]
[Round "1"]
[White "LangstonB"]
[Black "TrondTumyr"]
[Result "0-1"]
[WhiteElo "1714"]
[BlackElo "1799"]
[TimeControl "2700+45"]

1. e4 c5 2. Nf3 d6 3. d4 cxd4 4. Nxd4 Nf6 5. Nc3 a6 6. Be3 e5 7. Nb3 Be6 8. Be2 Nbd7 9. h3 b5 10. Qd3 Rc8 11. Nd5 Bxd5 12. exd5 Qc7 13. O-O Be7 14. Rfc1 Nb6 15. Bxb6 Qxb6 16. c4 bxc4 17. Rxc4 O-O 18. Ra4 Qb5 19. Rxa6 Qxd3 20. Bxd3 Nxd5 21. Ra5 Nf6 22. Ra7 Bd8 23. f3 Bb6+ 24. Kh2 Bxa7 25. Nd2 Bd4 26. Rb1 Rb8 27. b3 Nd5 28. Ne4 Rfd8 29. a3 Nc3 30. Nxc3 Bxc3 31. b4 Ra8 32. Rb3 Bd4 33. Bb5 Rdb8 34. a4 Rxb5 35. axb5 Rb8 36. Kg3 Rxb5 37. f4 g6 38. fxe5 dxe5 39. Kf3 Bc5 40. g4 Rxb4 41. Rd3 Bd4 42. Ke4 Rc4 43. Kd5 Rc3 44. Rxc3 Bxc3 45. Ke4 Kg7 46. h4 h6 47. h5 Kf6 48. hxg6 fxg6   {White resigns} 0-1

[Event "Team 45 45 League T24"]
[Site "Free Internet Chess Server"]
[Date "PDT.09.0"]
[Round "1"]
[White "zcomcon"]
[Black "cregan"]
[Result "1-0"]
[WhiteElo "1705"]
[BlackElo "1650"]
[TimeControl "2700+45"]

1. e4 c5 2. c3 Nf6 3. e5 Nd5 4. d4 cxd4 5. cxd4 b6 6. Bc4 Bb7 7. Nf3 e6 8. a3 Qc7 9. Qe2 d6 10. Bb5+ Nd7 11. O-O a6 12. Bd3 dxe5 13. dxe5 Nc5 14. Bc4 b5 15. Ba2 Na4 16. Bb3 Nc5 17. Ba2 Na4 18. Bb3 Nc5 19. Bc2 Rc8 20. b4 Nd7 21. Bb3 Nc3 22. Nxc3 Qxc3 23. Rb1 Bxf3 24. gxf3 Qxe5 25. Qd2 Nb6 26. Bb2 Qf5 27. Qe3 Nd5 28. Qe4 Qxe4 29. fxe4 Nb6 30. Rbc1 Nc4 31. Bxc4 bxc4 32. Rc2 Be7 33. Rfc1 O-O 34. Rxc4 Rxc4 35. Rxc4 Rd8 36. Rc6 Rd2 37. Rc8+ Rd8 38. Rc6 Rd2 39. Bc1 Rd1+ 40. Kg2 h6 41. Be3 Rd6 42. Rxd6 Bxd6 43. f4 f6 44. Kf3 Kf7 45. h4 Ke8 46. Bd2 h5 47. Bc3 e5 48. f5 Kd7 49. Ke3 Kc6 50. a4 Bf8 51. Kd3 Be7 52. Kc4 Bf8 53. Bb2 Be7 54. Ba3 Kb6 55. Kd5 g5 56. fxg6 Bf8 57. Ke6   {Black resigns} 1-0

[Event "Team 45 45 League T24"]
[Site "Free Internet Chess Server"]
[Date "2004.09.11"]
[Round "1"]
[White "senorquinn"]
[Black "DesparateDan"]
[Result "0-1"]
[WhiteElo "1494"]
[BlackElo "1673"]
[TimeControl "2700+45"]

1. d4 d5 2. c4 e6 3. Nc3 Nf6 4. Bg5 Be7 5. e3 O-O 6. Nf3 Nbd7 7. Be2 c5 8. Qb3 dxc4 9. Bxc4 a6 10. a4 cxd4 11. exd4 Nb6 12. Bd3 Nfd5 13. Bxe7 Qxe7 14. O-O Rd8 15. Ne5 Rd6 16. a5 Nd7 17. Nxd5 Rxd5 18. Qc3 Qd6 19. Nc4 Qf4 20. Ne3 Rxd4 21. Rfd1 e5 22. Qc7 Nf6 23. Nc4 Ng4 24. Nd6 Be6 25. g3 Qxf2+   {White resigns} 0-1

[Event "Team 45 45 League T24"]
[Site "Free Internet Chess Server"]
[Date "2004.09.10"]
[Round "1"]
[White "KymF"]
[Black "adingod"]
[Result "1-0"]
[WhiteElo "2129"]
[BlackElo "2108"]
[TimeControl "2700+45"]

1. d4 Nf6 2. c4 g6 3. Nc3 d5 4. cxd5 Nxd5 5. Nf3 Bg7 6. Qb3 Nb6 7. Bg5 h6 8. Bh4 Be6 9. Qc2 Nc6 10. Rd1 O-O 11. e3 Nb4 12. Qb1 c6 13. Be2 N4d5 14. O-O Nf6 15. Ne5 Nbd5 16. Na4 Bf5 17. Qc1 g5 18. Bg3 Ne4 19. Nc5 Nxc5 20. Qxc5 Qb6 21. Qc1 Nf6 22. Bd3 Bxd3 23. Rxd3 Rfd8 24. Rb3 Qa6 25. Qc5 Kf8 26. Qc2 Nd7 27. f4 Nxe5 28. fxe5 e6 29. Qc5+ Ke8 30. Be1 Bf8 31. Qc2 c5 32. dxc5 Rd7 33. Ra3 Qc6 34. b4 b6 35. Bc3 bxc5 36. Bd4 c4 37. Rb1 Rc7 38. b5 Qd5 39. Ra5 Rd7 40. Qa4 Qe4 41. Rf1 Qb7 42. b6 a6 43. Qxc4 Be7 44. Qc2 Rc8 45. Qe2 Ra8 46. Qh5 Bf8 47. Rc1 Qe4 48. Kh1 Qb7 49. Qe2 Be7 50. Ra4 Rc8 51. Rxc8+ Qxc8 52. h3   {Black resigns} 1-0

[Event "Team 45 45 League T24"]
[Site "Free Internet Chess Server"]
[Date "2004.09.12"]
[Round "1"]
[White "YOIULI"]
[Black "minkowski"]
[Result "1-0"]
[WhiteElo "1856"]
[BlackElo "1996"]
[TimeControl "2700+45"]

1. e4 e6 2. d4 d5 3. Nc3 Bb4 4. e5 Ne7 5. Bd2 c5 6. Nb5 Bxd2+ 7. Qxd2 O-O 8. dxc5 Nd7 9. Qc3 f6 10. exf6 Rxf6 11. Nf3 e5 12. O-O-O a6 13. Nd6 e4 14. Ng5 Qc7 15. Ne8 Qf4+ 16. Qd2 Qxd2+ 17. Rxd2 Rc6 18. b4 h6 19. Nh3 g5 20. c4 Kf8 21. cxd5 Nxd5 22. Rxd5 Kxe8 23. Bc4 b6 24. Re1 Nf6 25. Re5+ Kf8 26. Bb3 bxc5 27. Rxc5 Rxc5+ 28. bxc5 Bxh3 29. gxh3 Rc8 30. Kb2 Rxc5 31. Rd1 Ke7 32. Rd4 Rf5 33. Rd2 Rf3 34. h4 Rh3 35. hxg5 hxg5 36. Re2 Rxh2 37. Bc4 g4 38. Bxa6 g3 39. fxg3 Rh3 40. g4 Rg3 41. Bc8 Kd6 42. a4 Ke5 43. a5 Rh3 44. a6 Nd5 45. Bb7 Rh8 46. a7 Nb6 47. Rxe4+ Kd6 48. g5 Rg8 49. Rb4 Na8 50. Bxa8 Rxa8 51. Rb7 Kc6 52. Rf7   {Black resigns} 1-0

[Event "Team 45 45 League T24"]
[Site "Free Internet Chess Server"]
[Date "2004.09.12"]
[Round "1"]
[White "nham"]
[Black "mandragora"]
[Result "1-0"]
[WhiteElo "1982"]
[BlackElo "1853"]
[TimeControl "2700+45"]

1. e4 e5 2. f4 exf4 3. Bc4 Nf6 4. Nc3 c6 5. Bb3 d5 6. exd5 cxd5 7. d4 Bd6 8. Nf3 Qe7+ 9. Qe2 Be6 10. O-O Nc6 11. Kh1 O-O 12. a3 h6 13. Qd3 Qd7 14. Ne2 g5 15. Ba4 Bf5 16. Qd1 Qc7 17. Nc3 a6 18. Bb3 Be6 19. Qd3 Rfe8 20. Bd2 Rad8 21. Rae1 Bf8 22. Bc1 Bg7 23. h4 g4 24. Ne5 Nxe5 25. dxe5 Nh5 26. Bxf4 Nxf4 27. Rxf4 Bxe5 28. Rff1 d4 29. Ne4 Bxb3 30. Qxb3 Re6 31. Re2 Rb6 32. Qd3 Qc6 33. b3 Qg6 34. Ref2 Rf8 35. Rf5 f6 36. Nc5 Rd8 37. Rg5 Qxg5 38. hxg5 hxg5 39. Qg6+ Kf8 40. Ne4 Ke7 41. Qg7+ Ke8 42. Nxf6+ Bxf6 43. Rxf6   {Black resigns} 1-0

[Event "Team 45 45 League T24"]
[Site "Free Internet Chess Server"]
[Date "2004.09.13"]
[Round "1"]
[White "Nogger"]
[Black "kethury"]
[Result "0-1"]
[WhiteElo "2005"]
[BlackElo "2110"]
[TimeControl "2700+45"]

1. Nf3 Nf6 2. b3 d5 3. Bb2 Bg4 4. Ne5 Bh5 5. g3 e6 6. Bg2 Nbd7 7. O-O Bd6 8. d4 c5 9. c4 cxd4 10. Nxd7 Qxd7 11. Qxd4 e5 12. Qe3 Rc8 13. Rd1 O-O 14. Bxd5 Bc5 15. Qd3 Bg6 16. Qd2 Qh3 17. Bg2 Bxf2+ 18. Kxf2 Ng4+ 19. Kf1 Qxh2 20. e3 Rcd8 21. Qxd8 Qxg3 22. Qxf8+ Kxf8 23. Ba3+ Ke8 24. Rd2 Bd3+ 25. Re2 Qf2#   {White checkmated} 0-1

[Event "Team 45 45 League T24"]
[Site "Free Internet Chess Server"]
[Date "2004.09.11"]
[Round "1"]
[White "thxgg"]
[Black "Ottawa"]
[Result "1-0"]
[WhiteElo "1926"]
[BlackElo "1860"]
[TimeControl "2700+45"]

1. d4 c6 2. Nf3 Nf6 3. g3 g6 4. Bg2 Bg7 5. O-O d5 6. b3 O-O 7. c4 Be6 8. Nbd2 a5 9. Bb2 Na6 10. Ne5 Qc7 11. Rc1 Rfd8 12. e4 dxe4 13. Qe2 Bh6 14. Nxe4 Nxe4 15. Bxe4 Bxc1 16. Rxc1 Bh3 17. Nxf7 Kxf7 18. Qf3+ Kg8 19. g4 Rf8 20. Qxh3 Qf4 21. f3 Qe3+ 22. Kh1 Nb4 23. Qf1 Nxa2 24. Re1 Qxb3 25. Ba1 b5 26. Bxc6 Qxc4 27. Qxc4+ bxc4 28. Bd5+ Kg7 29. Bxc4 Nb4 30. d5+ Kh6 31. Rxe7 Nc2 32. Bg7+ Kg5 33. Bxf8 Rxf8 34. d6 a4 35. d7 Rd8 36. Be6 Nd4 37. Bd5 Kf6 38. Rxh7 a3 39. f4 Ne6 40. g5+ Kf5 41. Rf7+ Kg4 42. Bxe6+ Kf3 43. h4 Rb8 44. Kh2 Rb2+ 45. Kh3 Rb1 46. Bd5+ Kf2 47. d8=Q Rd1 48. Qb6+ Ke2 49. Re7+ Kd3 50. Re3+ Kc2 51. Qb3+ Kd2 52. Qc3#   {Black checkmated} 1-0

[Event "Team 45 45 League T24"]
[Site "Free Internet Chess Server"]
[Date "2004.09.11"]
[Round "1"]
[White "trebejo"]
[Black "ktwag"]
[Result "0-1"]
[WhiteElo "1945"]
[BlackElo "1855"]
[TimeControl "2700+45"]

1. c4 Nf6 2. Nc3 e5 3. Nf3 Nc6 4. e3 Bb4 5. Qc2 Bxc3 6. Qxc3 Qe7 7. a3 d5 8. cxd5 Nxd5 9. Qb3 Nb6 10. Bb5 Bd7 11. O-O O-O 12. Qc2 a6 13. Be2 e4 14. Ne1 Bf5 15. b3 Rfd8 16. Bb2 Ne5 17. Qc3 f6 18. Rc1 Rd7 19. f4 Nc6 20. Rd1 h6 21. Qc1 Qe6 22. Qc2 Rad8 23. Bc3 Bg4 24. Bxg4 Qxg4 25. Qb2 Qxd1   {White resigns} 0-1

[Event "Team 45 45 League T24"]
[Site "Free Internet Chess Server"]
[Date "2004.09.15"]
[Round "1"]
[White "Zepphire"]
[Black "LNO"]
[Result "1-0"]
[WhiteElo "1946"]
[BlackElo "1843"]
[TimeControl "2700+45"]

1. c4 e6 2. Nc3 f5 3. e4 fxe4 4. f3 exf3 5. Nxf3 Nf6 6. d4 Bb4 7. Bd3 O-O 8. Bg5 d5 9. cxd5 exd5 10. O-O Bg4 11. Qe1 c6 12. Qh4 Qe8 13. Ne5 Qh5 14. Nxg4 Qxg4 15. Bxf6   {Black resigns} 1-0